 Dungeon Crawl Stone Soup version 0.29.0-13-gc9e81de378 (webtiles) character file.

Game seed: 12776453409511815207

246 AbrileMaio the Thaumaturge (level 5, -1/22 (25) HPs)
             Began as a Spriggan Brigand on Sept 9, 2022.
             Slain by a wight
             ... wielding a +0 hand axe
              (7 damage)
             ... in an ossuary.
             The game lasted 00:10:02 (2399 turns).

AbrileMaio the Thaumaturge (Spriggan Brigand)       Turns: 2399, Time: 00:10:02

HP:   -1/22 (25)    AC:  3    Str:  7    XL:     5   Next: 84%
MP:   16/16         EV: 16    Int: 12    God:
Gold: 31            SH:  0    Dex: 19    Spells: 20/20 levels left

rFire   . . .      SeeInvis +   s - +1 rapier
rCold   + . .      Faith    .   g - orb {*channel}
rNeg    . . .      Spirit   .   b - +0 robe
rPois   .          Reflect  .   (helmet restricted)
rElec   .          Harm     .   c - +0 cloak
rCorr   .          Rampage  .   (gloves unavailable)
Will    .....                   (boots unavailable)
Stlth   +++.......              l - amulet of magic regeneration
HPRegen 0.07/turn               r - ring of protection from cold
MPRegen 0.55/turn               (no ring)

@: studying Spellcasting, heavily drained, very quick
A: very small, no large weapons, unfitting armour, see invisible, speed 3
a: no special abilities


You were in an ossuary.
You visited 1 branch of the dungeon, and saw 4 of its levels.
You also visited: Ossuary.

You collected 91 gold pieces.
You spent 60 gold pieces at shops.

Inventory:

Hand Weapons
 a - a +2 dagger
 s - a +1 rapier (weapon)
Missiles
 d - 8 poisoned darts
 e - 3 curare-tipped darts
 k - 4 stones (quivered)
Armour
 b - a +0 robe (worn)
 c - a +0 cloak (worn)
 g - an orb of energy (worn)
Jewellery
 l - an amulet of magic regeneration (around neck)
 r - a ring of protection from cold (left hand)
Scrolls
 f - a scroll of noise
Potions
 j - a potion of degeneration {unknown}
 m - a potion of resistance {unknown}
 n - a potion of ambrosia {unknown}
 o - 2 potions of heal wounds
 p - a potion of lignification {unknown}
 t - a potion of berserk rage {unknown}
 u - a potion of curing


   Skills:
 - Level 1.5 Fighting
 + Level 4.3 Short Blades
 - Level 2.0 Throwing
 - Level 1.3 Dodging
 - Level 5.9 Stealth
 - Level 8.0 Spellcasting


You had 20 spell levels left.
You didn't know any spells.
Your spell library contained the following spells:

 Spells                   Type           Power      Damage    Failure   Level
 Summon Small Mammal      Summ           16%        N/A       14%         1
 Call Canine Familiar     Summ           4%         N/A       41%         3
 Summon Guardian Golem    Hex/Summ       4%         N/A       41%         3


Dungeon Overview and Level Annotations

Branches:
Dungeon (4/15)            Ossuary (1/1)
 Temple: D:4-7

Altars:
Gozag
Nemelex Xobeh
Ru
Zin

Shops:
D:3 *

Annotations:
D:4 Blork the orc, Robin


Innate Abilities, Weirdness & Mutations

You are very small and have problems with some larger weapons.
You are too small for most types of armour.
You have supernaturally acute eyesight. (SInv)
You cover ground extremely quickly. (Speed+++)


Message History

The stone hits the wight but does no damage.
The wight is heavily damaged.
Throw: 9 stones
Press: ? - help, Q - select action, (/) - cycle Shift-Dir - straight line, f/p - wight
Aim: a wight, wielding a +0 hand axe and wearing a +0 robe (heavily damaged, 62% to hit)
You throw a stone.
The stone hits the wight but does no damage.
The wight is heavily damaged.
Throw: 8 stones
Press: ? - help, Q - select action, (/) - cycle Shift-Dir - straight line, f/p - wight
Aim: a wight, wielding a +0 hand axe and wearing a +0 robe (heavily damaged, 62% to hit)
You throw a stone.
The stone hits the wight but does no damage.
The wight is heavily damaged.
Throw: 7 stones
Press: ? - help, Q - select action, (/) - cycle Shift-Dir - straight line, f/p - wight
Aim: a wight, wielding a +0 hand axe and wearing a +0 robe (heavily damaged, 62% to hit)
You throw a stone.
The stone hits the wight but does no damage.
The wight is heavily damaged.
Throw: 6 stones
Press: ? - help, Q - select action, (/) - cycle Shift-Dir - straight line, f/p - wight
Aim: a wight, wielding a +0 hand axe and wearing a +0 robe (heavily damaged, 62% to hit)
You throw a stone. The stone barely misses the wight.
Unknown command.
Throw: 5 stones
Press: ? - help, Q - select action, (/) - cycle Shift-Dir - straight line, f/p - wight
Aim: a wight, wielding a +0 hand axe and wearing a +0 robe (heavily damaged, 62% to hit)
You throw a stone.
The stone hits the wight but does no damage.
The wight is heavily damaged.
The wight hits you with a +0 hand axe!
* * * LOW HITPOINT WARNING * * *
You closely miss the wight.
The wight is heavily damaged.
The wight misses you.
You hit the wight.
The wight is heavily damaged.
The wight hits you with a +0 hand axe!
You die...

##...## ## ##.....####
###. ##.......#.#
######...
##..........###...#...∩
#............#.###.....
#..........#..## ##....
#..#.#....##### ##..∩
##.####z..# ##..
##...@..## #.. ####..##
##. #### ##


You could see a wight.

Vanquished Creatures
  Sigmund (D:2)
  An iguana (D:4)
  3 adders
  3 worms
  2 dart slugs
  3 ball pythons (D:3)
  3 endoplasms
  2 giant cockroaches
  5 hobgoblins
  6 bats
  6 rats
35 creatures vanquished.

Notes
Turn   | Place    | Note
-------+----------+-------------------------------------------
     0 | D:1      | AbrileMaio the Spriggan Brigand began the quest for the
                  | Orb.
     0 | D:1      | Reached XP level 1. HP: 10/10 MP: 2/2
   181 | D:1      | Reached XP level 2. HP: 6/14 MP: 3/3
   226 | D:2      | Identified a scroll of acquirement
   226 | D:2      | Acquired a manual of Spellcasting
   639 | D:2      | Noticed Sigmund
   642 | D:2      | Killed Sigmund
   643 | D:2      | Reached skill level 7 in Spellcasting
   643 | D:2      | Reached XP level 3. HP: 18/18 MP: 4/13
   643 | D:2      | Reached XP level 4. HP: 22/22 MP: 4/14
   643 | D:2      | Reached XP level 5. HP: 25/25 MP: 4/16
   783 | D:2      | Reached skill level 8 in Spellcasting
  1047 | D:3      | Found a sparkling altar of Nemelex Xobeh.
  1094 | D:3      | Found a faded altar of an unknown god.
  1297 | D:3      | Found Caxkinas's General Store.
  1519 | D:3      | Bought a potion of curing for 36 gold pieces
  1519 | D:3      | Bought a scroll of identify for 24 gold pieces
  1594 | D:4      | Found an opulent altar of Gozag.
  1595 | D:4      | Found a glowing silver altar of Zin.
  1867 | D:4      | Found a sand-covered staircase.
  1952 | D:4      | Found a sacrificial altar of Ru.
  1962 | D:4      | Noticed Blork the orc
  2054 | D:4      | Noticed a black bear
  2064 | D:4      | Noticed Robin
  2099 | Ossuary  | Entered an ossuary
  2399 | Ossuary  | Slain by a wight

Illustrated notes

Levels and vault maps discovered:
D:1:      elethiomel_arrival_infinity_welcomes_careful_drivers, layout_rooms,
          st_stairs_5
D:2:      minmay_inner_zag, layout_rooms, basic_altar, uniq_sigmund
D:3:      layout_basic, nemelex_spade_bored_becter, serial_shops, shop,
          ebering_ecumenical_altar_mist, hangedman_decor_growths
D:4:      layout_basic, mainiacjoe_overflow_cross_hatched,
          lemuel_mausoleum_altar_kikubaaqudgha, mainiacjoe_overflow_swirl,
          lemuel_round_altar, grunt_temple_overflow_gold_and_silver,
          gammafunk_temple_overflow_wave, chequers_ossuary_entry_cave,
          minivault_14, uniq_duvessa, uniq_blork_the_orc, uniq_ijyb, uniq_robin
Ossuary:  ossuary_due_cavern

Skill      XL: |  1  2  3  4  5 |
---------------+----------------+-----
Short Blades   | 3 4 |  4.3
Spellcasting   | 7 8 |  8.0
Fighting       | |  1.5
Throwing       | |  2.0
Dodging        | |  1.3
Stealth        | |  5.9

Action                   |  1- 3 |  4- 6 || total
-------------------------+-------+-------++-------
Melee: Dagger            |    26 |    46 ||    72
       Rapier            |       |    46 ||    46
Throw: Stone             |       |    14 ||    14
       Dart              |       |     5 ||     5
  Use: Scroll            |     2 |     6 ||     8
       Potion            |       |     1 ||     1
 Stab: Sleeping          |     6 |     9 ||    15
Armor: Robe              |     3 |     5 ||     8
Dodge: Dodged            |    16 |    43 ||    59
